 Dungeon Crawl Stone Soup version 0.19-a0-1111-gcceb26a (webtiles) character file.

33733 epen the Spry (level 13, -3/64 HPs)
             Began as a Felid Monk on Aug 11, 2016.
             Was a Believer of Sif Muna.
             Slain by an orc warrior
             ... wielding a +3 vampiric hand axe
              (16 damage)
             ... on level 2 of the Orcish Mines.
             The game lasted 01:00:08 (29653 turns).

epen the Spry (Felid Monk)                         Turns: 29653, Time: 01:00:08

Health: -3/64      AC:  8    Str: 12    XL:     13   Next: 38%
Magic:  20/20      EV: 40    Int: 13    God:    Sif Muna [**....]
Gold:   989        SH:  2    Dex: 27    Spells: 3 memorised, 11 levels left
                                        Lives:  0   Deaths: 4

rFire  . . .     SeeInvis +       - Unarmed
rCold  + . .     Gourm    .     (armour unavailable)
rNeg   . . .     Faith    .     (shield unavailable)
rPois  +         Spirit   .     (helmet unavailable)
rElec  +         Dismiss  .     (cloak unavailable)
rCorr  .         Reflect  +     (gloves unavailable)
SustAt .         Harm     .     (boots unavailable)
MR     ++...                    H - amulet of Ketze {Reflect MR+ Int-4 Dex+2 SH+2 Stlth+}
Stlth  +++++++++.               h - +5 ring of protection
                                y - ring of poison resistance

@: mighty, agile, quick
A: no armour, no weapons or thrown items, claws 1, fangs 3, see invisible, agile
1, carnivore 3, speed 1, shaggy fur 3, electricity resistance, slow metabolism
1, MP-powered wands, sharp paws
a: Divine Energy, Renounce Religion


You were on level 2 of the Orcish Mines.
You worshipped Sif Muna.
Sif Muna was pleased with you.
You were very full.

You visited 4 branches of the dungeon, and saw 22 of its levels.

You collected 1562 gold pieces.
You spent 573 gold pieces at shops.

Inventory:

Jewellery
 h - a +5 ring of protection (right paw)
 j - an uncursed amulet of harm
 n - an uncursed ring of ice
 o - an uncursed ring of wizardry
 p - an uncursed ring of ice
 y - a ring of poison resistance (left paw)
 G - an uncursed ring of protection from cold
 H - the amulet of Ketze (around neck) {Reflect MR+ Int-4 Dex+2 SH+2 Stlth+}
   (You found it on level 1 of the Lair of Beasts)

   [amulet of reflection]

   It shields you and reflects attacks.
   It affects your intelligence (-4).
   It affects your dexterity (+2).
   It affects your resistance to hostile enchantments.
   It affects your SH (+2).
   It makes you more stealthy.
 I - an uncursed ring of sustain attributes
Wands
 d - a wand of paralysis (6/24)
 k - a wand of acid (9/15)
 v - a wand of digging (12/24)
 z - a wand of random effects (11/48)
 B - a wand of lightning (7/15)
 E - a wand of flame (23/48)
 F - a wand of lightning (4/15)
 J - a wand of hasting (4/9)
 K - a wand of flame (14/48)
 L - a wand of slowing (22/48)
 M - a wand of acid (0/15)
 N - a wand of paralysis (10/24)
 T - a wand of teleportation (7/9)
 U - a wand of iceblast (7/15)
Scrolls
 b - 6 scrolls of remove curse
 c - 7 scrolls of amnesia
 r - 3 scrolls of teleportation
 t - a scroll of identify
 x - 3 scrolls of enchant weapon
 D - 2 scrolls of fear
 P - a scroll of fog
 W - 2 scrolls of magic mapping
Potions
 e - 2 potions of heal wounds
 f - 3 potions of magic
 g - a potion of might
 i - 13 potions of curing
 l - 5 potions of haste
 s - 3 potions of flight
 u - 4 potions of lignification
 w - a potion of invisibility
 A - 2 potions of agility
 O - a potion of beneficial mutation {unknown}
 Q - a potion of brilliance {unknown}
 S - a potion of mutation {unknown}
Books
 C - a book of Burglary

   Spells                             Type                      Level
   a - Swiftness                      Charms/Air                   2
   b - Passwall                       Transmutation/Earth          2
   c - Passage of Golubria            Translocation                4
   d - Lee's Rapid Deconstruction     Earth                        5
   e - Darkness                       Hexes                        6
   f - Invisibility                   Hexes                        6
 R - a book of Death

   Spells                             Type                      Level
   a - Corpse Rot                     Necromancy                   2
   b - Sublimation of Blood           Necromancy                   2
   c - Agony                          Necromancy                   5
   d - Dispel Undead                  Necromancy                   5
   e - Excruciating Wounds            Charms/Necromancy            5
   f - Bolt of Draining               Conjuration/Necromancy       5
 V - a book of Battle

   Spells                             Type                      Level
   a - Infusion                       Charms                       1
   b - Shroud of Golubria             Charms/Translocation         2
   c - Song of Slaying                Charms                       2
   d - Spectral Weapon                Hexes/Charms                 3
   e - Regeneration                   Charms/Necromancy            3
Comestibles
 a - 8 meat rations


   Skills:
 - Level 11.6 Fighting
 - Level 15.2 Dodging
 - Level 12.2 Stealth
 - Level 13.2 Unarmed Combat
 * Level 4.3 Spellcasting
 * Level 12.1 Transmutations
 * Level 2.5 Earth Magic
 * Level 3.4 Invocations
 - Level 6.6 Evocations


You had 11 spell levels left.
You knew the following spells:

 Your Spells              Type           Power        Failure   Level  Hunger
a - Ice Form              Ice/Tmut       ###.....     17%         4    ####...
b - Passwall              Tmut/Erth      ###.......   1%          2    ##.....
c - Regeneration          Chrm/Necr      #.........   65%         3    ###....


Dungeon Overview and Level Annotations

Branches:
Dungeon (13/15)            Temple (1/1) D:4            Lair (6/6) D:9
  Swamp (0/4) Lair:4        Snake (0/4) Lair:3        Slime (0/5) Lair:5
    Orc (2/2) D:12
    Elf: Orc:2       Vaults: D:13-14

Altars:
Ashenzari
Cheibriados
Dithmenos
Elyvilon
Fedhas
Gozag
Hepliaklqana
Kikubaaqudgha
Makhleb
Nemelex Xobeh
Okawaru
Pakellas
Qazlal
Ru
Sif Muna
Trog
Uskayaw
Vehumet
Xom
Yredelemnul
Zin
The Shining One

Shops:
D:3 *   D:6 *   D:12 !*   D:13 *   Orc:2 :(?

Portals:
Trove: D:11 (give 4 potions of cure mutation)

Annotations:
D:12 Rupert; WhatIsLove's ghost, journeyman DrTm
D:13 Frances


Innate Abilities, Weirdness & Mutations

You cannot wear armour.
You are incapable of wielding weapons or throwing items.
You have sharp claws.
You have razor-sharp teeth.
You have supernaturally acute eyesight. (SInv)
You are carnivorous and can eat meat at any time.
You cover ground quickly.
Your thick and shaggy fur keeps you warm. (AC +3, rC+)
You have a slow metabolism.
Your sharp claws are effective at attacking unaware monsters.
You are agile. (Dex +2)
You are resistant to electric shocks. (rElec)
You expend magic power (3 MP) to strengthen your wands.


Message History

You claw the orc warrior!
You kill the orc warrior!
Sif Muna accepts your kill. The orc completely misses you.
You claw the orc!
You kill the orc!
Sif Muna accepts your kill.
The orc priest casts a cantrip, but nothing happens.
An orc wizard comes into view. It is wielding a dagger.
You barely miss the orc priest. You bite the orc priest!
The orc priest is heavily wounded.
The orc priest misses you.
You claw the orc priest!
You kill the orc priest!
Sif Muna accepts your kill.
The orc warrior throws a tomahawk.
The tomahawk misses you.
You closely miss the orc warrior. You bite the orc warrior.
The orc warrior is lightly wounded.
The orc warrior hits you with a vampiric hand axe!
You die...

### ##.### ###
#....##
##..##..(..##
#...........##
##......#....#
#.....P..@).#
#.........o)##
#.....P.P...#
#.PP......Poo
##...........o
#.....∩.......
#.P............
....8...P.#.<#


You could see 2 orc warriors and 2 orc wizards.

Vanquished Creatures
  An orc warlord (Orc:1)
  A dire elephant (Lair:6)
  Harold (Lair:1)
  Erica (Orc:1)
  4 hydras
  A centaur warrior (D:11)
  A catoblepas (Lair:6)
  19 death yaks
  A tengu warrior (D:11)
  A deep troll shaman (Lair:6)
  Sonja (D:11)
  An unseen horror (D:10)
  2 hill giants (D:12)
  2 orc knights
  3 deep elf magi
  A salamander (Orc:1)
  2 ugly things
  An orc sorcerer (Orc:1)
  A cyclops (D:12)
  10 elephants
  3 black mambas
  3 gargoyles
  13 spiny frogs
  10 komodo dragons
  4 trolls
  15 polar bears
  2 two-headed ogres
  29 blink frogs
  A yak (shapeshifter) (D:13)
  2 vampires (D:13)
  A shadow (D:11)
  2 wraiths
  47 yaks
  7 hippogriffs
  4 basilisks
  Eustachio (D:6)
  2 hungry ghosts
  3 nagas (Lair:3)
  A mottled dragon (Lair:5)
  2 wargs (Orc:1)
  21 water moccasins
  4 porcupines
  15 orc warriors
  6 sky beasts
  7 black bears
  2 ice beasts
  2 necrophages
  2 phantoms
  20 ogres
  2 eyes of draining
  6 centaurs
  7 wolves
  8 crocodiles
  3 big kobolds
  16 giant frogs
  A gnoll sergeant (D:10)
  4 jellies
  4 scorpions
  5 killer bees (D:12)
  4 wights (D:9)
  2 howler monkeys
  9 crimson imps
  3 giant frog zombies
  2 centaur zombies
  6 hounds
  2 quasits
  7 orc priests
  2 centaur skeletons
  A giant frog skeleton (D:12)
  6 iguanas
  Terence (D:2)
  Natasha (twice) (D:2)
  12 orc wizards
  10 worker ants
  20 sheep
  3 hound skeletons
  A worker ant zombie (D:8)
  15 gnolls
  15 adders
  64 river rats
  4 shadow imps
  An ooze (D:5)
  2 adder skeletons (D:4)
  An adder zombie (D:3)
  6 worms
  5 dart slugs
  4 giant geckos
  64 orcs
  2 giant cockroaches
  10 goblins
  8 hobgoblins
  7 jackals (D:11)
  4 quokkas
  A ball python (D:3)
  9 bats
  2 giant newts (D:1)
  28 kobolds
  A quokka zombie (D:8)
  9 rats
697 creatures vanquished.

Vanquished Creatures (collateral kills)
  A spiny frog (Lair:2)
  2 blink frogs (Lair:1)
  A water moccasin (Lair:1)
  A giant frog (Lair:1)
5 creatures vanquished.

Vanquished Creatures (others)
  A bush (Lair:6)
  31 fungi
  17 plants
49 creatures vanquished.

Grand Total: 751 creatures vanquished

Notes
Turn   | Place    | Note
-------+----------+-------------------------------------------
     0 | D:1      | epen the Felid Monk began the quest for the Orb.
     0 | D:1      | Reached XP level 1. HP: 10/10 MP: 2/2
   160 | D:1      | Reached XP level 2. HP: 9/14 MP: 3/3
   990 | D:2      | Noticed Terence
  1026 | D:2      | Killed Terence
  1026 | D:2      | Reached XP level 3. HP: 10/17 MP: 4/4
  1306 | D:2      | Noticed Natasha
  1312 | D:2      | Killed Natasha
  1312 | D:2      | Reached skill level 5 in Dodging
  1312 | D:2      | Reached XP level 4. HP: 21/21 MP: 5/5
  1419 | D:2      | Noticed Natasha
  1427 | D:2      | Killed Natasha
  1580 | D:2      | Found a shimmering altar of Xom.
  1599 | D:2      | Noticed a moth of wrath
  1602 | D:2      | Found a bloodstained altar of Trog.
  1955 | D:2      | Reached XP level 5. HP: 24/24 MP: 6/6
  2149 | D:2      | Became a worshipper of Trog the Wrathful
  2149 | D:2      | Reached * piety under Trog
  2149 | D:2      | Reached ** piety under Trog
  2241 | D:3      | Noticed an ice beast
  2250 | D:3      | HP: 1/36 [ice beast (14)]
  2253 | D:3      | Slain by an ice beast
  2254 | D:3      | Reached XP level 4. HP: 0/31 MP: 5/5
  2270 | D:3      | Killed an ice beast
  2270 | D:3      | Reached XP level 5. HP: 25/25 MP: 6/6
  2333 | D:3      | Found Zin's Purification Station.
  2333 | D:3      | Found a glowing silver altar of Zin.
  2642 | D:3      | Reached skill level 5 in Stealth
  2859 | D:4      | Reached skill level 6 in Dodging
  2906 | D:4      | Gained mutation: You are covered in thick fur. (AC +2) [Felid growth]
  2906 | D:4      | Reached XP level 6. HP: 28/28 MP: 7/7
  2931 | D:4      | Found a staircase to the Ecumenical Temple.
  3058 | D:4      | Noticed an ice beast
  3065 | D:4      | Killed an ice beast
  3065 | D:4      | Reached skill level 7 in Dodging
  3065 | D:4      | Reached skill level 5 in Unarmed Combat
  3065 | D:4      | Reached XP level 7. HP: 33/33 MP: 8/8
  3408 | Temple   | Entered the Ecumenical Temple
  3473 | D:5      | Entered Level 5 of the Dungeon
  3559 | D:5      | Reached *** piety under Trog
  3726 | D:5      | Reached skill level 5 in Fighting
  4157 | D:5      | Found a deep blue altar of Sif Muna.
  4161 | D:5      | Found an iron altar of Okawaru.
  4161 | D:5      | Found a hazy altar of Hepliaklqana.
  4197 | D:5      | Reached XP level 8. HP: 37/37 MP: 9/9
  4437 | D:5      | Found a stormy altar of Qazlal.
  4437 | D:5      | Found an oddly glowing altar of Pakellas.
  4530 | D:6      | Reached skill level 8 in Dodging
  4704 | D:6      | Noticed Eustachio
  4721 | D:6      | Killed Eustachio
  4896 | D:6      | Found Genicy's General Store.
  4899 | D:6      | Bought a potion of agility for 48 gold pieces
  5702 | D:7      | Reached skill level 1 in Evocations
  5812 | D:7      | Gained mutation: You expend magic power (3 MP) to strengthen your wands. [mutagenic meat]
  5815 | D:7      | Gained mutation: You are resistant to electric shocks. (rElec) [mutagenic meat]
  5818 | D:7      | Gained mutation: You are agile. (Dex +2) [mutagenic meat]
  5821 | D:7      | Gained mutation: Your magical capacity is low. (-10% MP) [mutagenic meat]
  5827 | D:7      | Lost mutation: Your magical capacity is low. (-10% MP) [mutagenic meat]
  5898 | D:7      | Reached skill level 1 in Spellcasting
  5900 | D:7      | Found a blossoming altar of Fedhas.
  5968 | D:7      | Reached XP level 9. HP: 35/41 MP: 11/11
  6352 | D:7      | Reached skill level 9 in Dodging
  7104 | D:8      | Found an opulent altar of Gozag.
  7794 | D:9      | Found a staircase to the Lair.
  8112 | D:9      | Noticed a troll
  8114 | D:9      | Killed a troll
  8114 | D:9      | Reached XP level 10. HP: 46/46 MP: 14/14
  8153 | D:9      | Reached skill level 10 in Stealth
  8671 | D:9      | Reached **** piety under Trog
  8749 | D:9      | Reached skill level 10 in Dodging
  8961 | D:10     | Entered Level 10 of the Dungeon
  9464 | D:10     | Noticed an unseen horror
  9471 | D:10     | Killed an unseen horror
  9471 | D:10     | Reached skill level 5 in Evocations
  9811 | D:10     | Noticed a gargoyle
  9827 | D:10     | Killed a gargoyle
 10046 | D:10     | Slain by an orc warrior
 10047 | D:10     | Reached XP level 9. HP: -5/43 MP: 13/13
 10231 | Lair:1   | Entered Level 1 of the Lair of Beasts
 10271 | Lair:1   | Noticed a spiny frog
 10290 | Lair:1   | Killed a spiny frog
 10290 | Lair:1   | Reached ***** piety under Trog
 10291 | Lair:1   | Reached XP level 10. HP: 47/47 MP: 15/15
 10351 | Lair:1   | Noticed Harold
 10371 | Lair:1   | Killed Harold
 10375 | Lair:1   | Reached skill level 11 in Dodging
 10727 | Lair:1   | Got a sparkling silver amulet
 10729 | Lair:1   | Identified the amulet of Ketze {Reflect MR+ Int-4 Dex+2 SH+2 Stlth+} (You found it on level 1 of the Lair of Beasts)
 10764 | Lair:1   | Reached skill level 10 in Unarmed Combat
 10767 | Lair:1   | HP: 3/72 [komodo dragon (30)]
 10771 | Lair:1   | HP: 1/72 [hippogriff (1)]
 11221 | Lair:1   | Reached XP level 11. HP: 12/52 MP: 16/16
 12380 | Lair:2   | Was placed under penance by Trog
 12385 | Lair:2   | Learned a level 4 spell: Ice Form
 12642 | Lair:2   | Reached skill level 1 in Transmutations
 12657 | Lair:2   | Was forgiven by Trog
 12876 | Lair:2   | Reached skill level 12 in Dodging
 13674 | Lair:2   | Noticed an eight-headed hydra
 13681 | Lair:2   | Killed an eight-headed hydra
 14844 | Lair:3   | Found a staircase to the Snake Pit.
 15269 | Lair:4   | Reached skill level 5 in Transmutations
 15276 | Lair:4   | Gained mutation: Your thick and shaggy fur keeps you warm. (AC +3, rC+) [Felid growth]
 15276 | Lair:4   | Reached XP level 12. HP: 57/57 MP: 17/17
 15365 | Lair:4   | Found a staircase to the Swamp.
 15795 | Lair:4   | Noticed a death yak
 15798 | Lair:4   | Noticed a death yak
 15816 | Lair:4   | Killed a death yak
 15850 | Lair:4   | Noticed a death yak
 15851 | Lair:4   | Noticed a death yak
 15851 | Lair:4   | Noticed a death yak
 15880 | Lair:4   | Killed a death yak
 15980 | Lair:4   | Killed a death yak
 15989 | Lair:4   | Killed a death yak
 15989 | Lair:4   | Reached skill level 13 in Dodging
 16350 | Lair:4   | Killed a death yak
 16589 | Lair:5   | Noticed a four-headed hydra
 16598 | Lair:5   | Killed a four-headed hydra
 16636 | Lair:5   | Found a staircase to the Slime Pits.
 16639 | Lair:5   | Noticed a four-headed hydra
 16653 | Lair:5   | Killed a four-headed hydra
 16653 | Lair:5   | Reached skill level 10 in Fighting
 17690 | Lair:5   | Noticed an eight-headed hydra
 17697 | Lair:5   | Killed an eight-headed hydra
 17836 | Lair:6   | Entered Level 6 of the Lair of Beasts
 17836 | Lair:6   | Noticed a death yak
 17836 | Lair:6   | Noticed a death yak
 17836 | Lair:6   | Noticed a death yak
 17853 | Lair:5   | Killed a death yak
 17923 | Lair:5   | Killed a death yak
 17923 | Lair:5   | Reached XP level 13. HP: 61/61 MP: 18/18
 18625 | Lair:6   | Reached skill level 14 in Dodging
 19753 | Lair:6   | HP: 2/63 [polar bear (22)]
 20233 | Lair:6   | Demolished by a death yak
 20234 | Lair:6   | Reached XP level 12. HP: -19/90 MP: 17/17
 20722 | Lair:6   | Reached skill level 15 in Dodging
 20910 | Lair:6   | Killed a death yak
 20910 | Lair:6   | Reached XP level 13. HP: 63/63 MP: 18/18
 21214 | Lair:6   | Noticed a dire elephant
 21244 | Lair:6   | Killed a dire elephant
 21522 | Lair:4   | Reached skill level 10 in Transmutations
 21790 | D:11     | Fell from the grace of Trog
 21877 | D:11     | Noticed Sonja
 21879 | D:11     | Killed Sonja
 21912 | D:11     | Found an opulent altar of Gozag.
 22217 | D:11     | Found a portal to a secret trove of treasure.
 22301 | D:11     | HP: 1/63 [polar bear[the rage of Trog] (15)]
 23607 | D:10     | Killed by the fiery rage of Trog
 23608 | D:10     | Reached XP level 12. HP: -11/60 MP: 17/17
 23815 | D:11     | Paralysed by Trog for 5 turns
 24211 | D:5      | Became a worshipper of Sif Muna the Loreminder
 24504 | D:6      | Learned a level 2 spell: Passwall
 24508 | D:6      | Learned a level 3 spell: Regeneration
 24823 | D:11     | Reached skill level 1 in Invocations
 25680 | D:12     | Noticed WhatIsLove's ghost (journeyman DrTm)
 25982 | D:12     | Found Xiblaulu's Distillery.
 25987 | D:12     | Bought a potion of curing for 45 gold pieces
 25987 | D:12     | Bought 2 potions of haste for 300 gold pieces
 25987 | D:12     | Bought a potion of heal wounds for 75 gold pieces
 25987 | D:12     | Bought a potion of agility for 60 gold pieces
 26171 | D:12     | Found Neghiuwa's General Store.
 26171 | D:12     | Noticed Rupert
 26221 | D:12     | Paralysed by Rupert for 2 turns
 26361 | D:12     | Reached * piety under Sif Muna
 26844 | D:12     | Reached XP level 13. HP: 60/64 MP: 19/19
 26940 | D:13     | Found Buixonk's General Store.
 26949 | D:13     | Bought a scroll of teleportation for 45 gold pieces
 26976 | D:13     | Noticed Frances
 27252 | D:13     | Reached skill level 1 in Earth Magic
 27840 | D:12     | Found a staircase to the Orcish Mines.
 27863 | Orc:1    | Entered Level 1 of the Orcish Mines
 27872 | Orc:1    | Noticed Erica
 27875 | Orc:1    | Killed Erica
 28099 | Orc:1    | Paralysed by Trog for 3 turns
 28214 | Orc:1    | Noticed an orc warlord
 28645 | Orc:1    | Killed an orc warlord
 28645 | Orc:1    | Reached ** piety under Sif Muna
 29465 | Orc:2    | Entered Level 2 of the Orcish Mines
 29465 | Orc:2    | Found Tawotaeth's Magic Scroll Shoppe.
 29476 | Orc:2    | Found Ynteusch's Antique Weapon Emporium.
 29477 | Orc:2    | Noticed an orc warlord
 29534 | Orc:2    | Found Kizosung's Book Shop.
 29653 | Orc:2    | Slain by an orc warrior

Vault maps used:
D:1:      dpeg_arrival_concentric_ovals, st_stairs_13
D:2:      lemuel_crystal_altar, tgw_trog, serial_glass, glass_columns_b,
          glass_columns_a, first_bread, grunt_decor_one_mirror, uniq_terence,
          uniq_natasha
D:3:      zin_purify
D:5:      gammafunk_temple_overflow_wave, minitemple, kennysheep_generic_room_10
D:6:      serial_shops, nicolae_shop_behind_doors, uniq_eustachio
D:7:      fedhas_altar_2, nicolae_zen_rock_garden
D:8:      lemuel_doored_altar
D:9:      lair_0_dummy, corexii_corridor_pit
D:11:     enter_trove_0, grunt_tengu_nest, grunt_gozag_breadcrumbs, uniq_sonja
D:12:     orc_0_dummy, serial_shops, nicolae_shop_trees, shop_statue,
          minmay_crystal_room, uniq_rupert
D:13:     serial_shops, shop_statue, uniq_frances
Temple:   nicolae_temple_x_marks_the_god
Lair:1:   enter_volcano_4, lemuel_fruit_fields, infiniplex_staircase_pool,
          uniq_harold
Lair:2:   serial_bayou_shore_b
Lair:3:   minmay_snake_entry_guardpost_small
Lair:4:   swamp_mist, minivault_24
Lair:5:   slime_dummy, bobbens_dragon_lair_wall
Lair:6:   grunt_lair_end_beastmaster
Orc:1:    serial_shops, shop, nicolae_orc_lava_tube, uniq_erica
Orc:2:    grunt_orc_gardens, grunt_orc_garden, grunt_orc_garden,
          grunt_orc_garden, grunt_orc_garden, basic_altar, serial_shops, shop,
          uniq_azrael

Skill      XL: |  1  2  3  4  5  6  7  8  9 10 11 12 13 |
---------------+----------------------------------------+-----
Stealth        | 3 4 5 7 8 9 11 12 | 12.2
Dodging        | 5 6 7 8 9 11 12 15 14 | 15.2
Unarmed Combat | 4 5 6 8 10 11 12 13 | 13.2
Fighting       | 4 5 6 8 9 10 11 | 11.6
Evocations     | 1 4 6 |  6.6
Spellcasting   | 1 2 3 4 |  4.3
Transmutations | 5 9 12 | 12.1
Invocations    | 2 3 |  3.4
Earth Magic    | 2 |  2.5

Action                   |  1- 3 |  4- 6 |  7- 9 | 10-12 | 13-15 || total
-------------------------+-------+-------+-------+-------+-------++-------
Melee: Unarmed           |    67 |   167 |   365 |  1229 |   900 ||  2728
       Bite              |     5 |     9 |    41 |   171 |   138 ||   364
       Punch             |       |     1 |     7 |    74 |    70 ||   152
Invok: Berserk           |       |     4 |    12 |    31 |     8 ||    55
       Trog's Hand       |       |       |     2 |     2 |       ||     4
       Burn Spellbooks   |       |       |     1 |     3 |       ||     4
       Brothers in Arms  |       |       |       |     3 |       ||     3
Evoke: Wand              |       |       |       |     8 |     3 ||    11
  Use: Potion            |     1 |       |       |     1 |    17 ||    19
       Scroll            |       |       |    19 |     9 |     8 ||    36
 Stab: Sleeping          |     9 |     9 |    30 |    45 |    27 ||   120
       Distracted        |       |       |     2 |     8 |     5 ||    15
       Invisible         |       |       |       |       |     3 ||     3
       Petrified         |       |       |       |       |     2 ||     2
       Petrifying        |       |       |       |       |     1 ||     1
  Eat: Chunk             |     8 |    11 |    35 |    56 |    33 ||   143
       Meat ration       |       |       |       |       |     1 ||     1
Armor: Skin              |     5 |     7 |    35 |    72 |    61 ||   180
Dodge: Dodged            |    56 |   142 |   272 |  1166 |   939 ||  2575
Block: Other             |       |       |       |    57 |    66 ||   123
       Reflection        |       |       |       |       |     1 ||     1
